 Dungeon Crawl Stone Soup version 0.31-a0-18-gea43df2a32 (webtiles) character file.

Game seed: 3397354791283783331

12732 ders the Geomancer (level 11, -2/54 HPs)
             Began as a Gargoyle Earth Elementalist on May 10, 2023.
             Was a Believer of Vehumet.
             Slain by a yak (6 damage)
             ... on level 1 of the Lair of Beasts.
             The game lasted 00:12:32 (11257 turns).

ders the Geomancer (Gargoyle Earth Elementalist)   Turns: 11257, Time: 00:12:32

Health: -2/54      AC: 13    Str: 13    XL:     11   Next: 97%
Magic:  14/25      EV: 11    Int: 25    God:    Vehumet [**....]
Gold:   749        SH:  0    Dex: 10    Spells: 22/31 levels left

rFire   . . .        o - staff of conjuration
rCold   . . .        (no shield)
rNeg    + . .        a - +0 robe
rPois   ∞            v - +1 helmet
rElec   +            f - scarf {+Inv}
rCorr   .            (no gloves)
SInv    +            h - +0 pair of boots
Will    .....        J - amulet of the acrobat
Stlth   ++           M - +6 ring of intelligence
HPRegen 0.29/turn    y - ring of see invisible
MPRegen 0.19/turn

%: acrobat
@: no status effects
A: sickness immunity, AC +8, negative energy resistance 1, electricity
resistance, torment resistance 1, petrification resistance
a: Renounce Religion, Evoke Invisibility


You were on level 1 of the Lair of Beasts.
You worshipped Vehumet.
Vehumet was pleased with you.
You visited 3 branches of the dungeon, and saw 14 of its levels.

You collected 749 gold pieces.

Inventory:

Hand Weapons
 t - the +4 mace of Hisachud {flame, Drain Fly rPois Int+4}
   (You took it off a hobgoblin on level 4 of the Dungeon)

   Int:       It affects your intelligence (+4).
   rPois:     It protects you from poison.
   Fly:       It grants you flight.
   Drain:     It drains your maximum health when unequipped.
Armour
 a - a +0 robe (worn)
 f - a scarf of invisibility (worn)
 h - a +0 pair of boots (worn)
 v - a +1 helmet (worn)
Magical Staves
 g - a staff of poison
 o - a staff of conjuration (weapon)
Jewellery
 d - a +6 ring of dexterity
 r - a ring of positive energy
 w - a ring of protection from fire
 y - a ring of see invisible (right hand)
 F - a ring of resist corrosion
 H - a ring of ice
 J - an amulet of the acrobat (around neck)
 M - a +6 ring of intelligence (left hand)
Wands
 q - a wand of charming (9)
 L - a wand of quicksilver (11)
Scrolls
 i - 2 scrolls of enchant weapon
 l - a scroll of poison
 p - 5 scrolls of amnesia
 u - 2 scrolls of fear
 x - 5 scrolls of identify
 z - 2 scrolls of vulnerability
 B - a scroll of enchant armour
 G - a scroll of brand weapon
 I - 4 scrolls of torment
 N - a scroll of teleportation {unknown}
 O - 2 scrolls of magic mapping {unknown}
 P - a scroll of immolation {unknown}
 Q - a scroll of fog
Potions
 b - 2 potions of magic
 c - 2 potions of invisibility {unknown}
 e - 4 potions of lignification {unknown}
 j - 5 potions of degeneration {unknown}
 k - 4 potions of brilliance {unknown}
 m - 4 potions of mutation {unknown}
 n - 4 potions of haste {unknown}
 s - 7 potions of heal wounds
 A - a potion of resistance {unknown}
 C - a potion of flight {unknown}
 D - 6 potions of curing {unknown}
 E - 2 potions of cancellation {unknown}
 K - 3 potions of might {unknown}


   Skills:
 - Level 0.5 Armour
 - Level 1.5 Dodging
 - Level 2.4 Stealth
 + Level 10.8 Spellcasting
 * Level 10.3 Conjurations
 - Level 0.3 Summonings
 - Level 0.7 Transmutations
 + Level 14.0 Earth Magic


You had 22 spell levels left.
You knew the following spells:

 Your Spells              Type           Power      Damage    Failure   Level
a - Sandblast             Erth           100%       2d20      0%          1
b - Stone Arrow           Conj/Erth      100%       3d13      1%          3
c - Irradiate             Conj/Tmut      29%        3d21      13%         5

Your spell library contained the following spells:

 Spells                   Type           Power      Damage    Failure   Level
 Inner Flame              Hex/Fire       13%        N/A       14%         3
 Passwall                 Tmut/Erth      41%        N/A       1%          2
 Animate Armour           Summ/Erth      98%        N/A       2%          4
 Petrify                  Tmut/Erth      50%        N/A       2%          4
 Necrotise                Necr           52%        1d6       4%          1
 Vampiric Draining        Necr           13%        2d6       14%         3
 Vhi's Electric Charge    Tloc/Air       26%        N/A       14%         3
 Arcjolt                  Conj/Air       28%        1d38      16%         5
 Agony                    Necr           13%        N/A       77%         5
 Lehudib's Crystal Spear  Conj/Erth      42%        10d10     89%         8
 Maxwell's Capacitive Co  Air            6%         ∞         100%        8
 Sublimation of Blood     Necr           Unusable   N/A       N/A         2

Dungeon Overview and Level Annotations

Branches:
Dungeon (11/15)            Temple (1/1) D:6            Lair (2/5) D:11
 Shoals (0/4) Lair:2          Orc (0/2) D:11
  Snake: Lair:2-3    Spider: Lair:2-3

Altars:
Ashenzari
Cheibriados
Dithmenos
Elyvilon
Fedhas
Gozag
Hepliaklqana
Kikubaaqudgha
Makhleb
Nemelex Xobeh
Okawaru
Qazlal
Ru
Sif Muna
Trog
Uskayaw
Vehumet
Wu Jian
Xom
Yredelemnul
Zin
The Shining One

Shops:
D:2 *!:*   D:5 *


Innate Abilities, Weirdness & Mutations

You are immune to sickness and miasma.
Your stone body is resilient. (AC +8)
You are immune to poison.
You resist negative energy. (rN+)
You are resistant to electric shocks. (rElec)
You are resistant to unholy torment.
You are immune to petrification.


Message History

The black mamba bites you. The black mamba completely misses you.
The yak attacks as you move away! The yak closely misses you.
The black mamba bites you!
The yak gores the fungus!
The fungus begins to die.
The yak completely misses you. The yak attacks as you move away!
The yak completely misses you.
The black mamba attacks as you move away!
The black mamba closely misses you. The yak gores you!
* * * LOW HITPOINT WARNING * * *
The black mamba completely misses you.
The black mamba attacks as you move away!
The black mamba completely misses you. x2
Okay, then.
Okay, then.
The yak attacks as you move away! The yak completely misses you.
The black mamba attacks as you move away!
The black mamba closely misses you. The black mamba misses you.
A nearby fungus withers and dies.
The black mamba completely misses you. The black mamba bites you!
* * * LOW HITPOINT WARNING * * *
There is a stone staircase leading up here.
It was a potion of heal wounds.
You feel much better.
The black mamba bites you but does no damage.
The black mamba completely misses you. The black mamba bites you!
* * * LOW HITPOINT WARNING * * *
The yak gores you but does no damage.
You climb upwards.
There is a stone staircase leading down here.
Casting: Sandblast (safe; 0% risk of failure)
Confirm with . or Enter, or press ? or * to list all spells.
Aiming: Stone Arrow (safe; 1% risk of failure)
Press: ? - help, Shift-Dir - straight line, f - yak
Aim: a yak (87% to hit)
You feel a surge of power!
The stone arrow hits the yak!!
The yak is heavily wounded.
The black mamba bites you!
* * * LOW HITPOINT WARNING * * *
The black mamba bites you but does no damage.
The yak gores you.
You die...

###### ### ###
####.##.####.#######.#
...............Y@S..##
.................÷..#
........)##.#.####..#
#+##................#
....+...#........#..#
....#...P........#..#
....+...P........#..#
....#............#..#
....#...P........#..#


You could see a black mamba and a yak.

Vanquished Creatures
  2 two-headed ogres (D:10)
  A deep elf pyromancer (D:11)
  A cyclops (D:8)
  A black mamba (Lair:1)
  An elephant (Lair:1)
  2 cane toads (Lair:1)
  8 komodo dragons
  2 rime drakes
  3 hornets
  A wraith (D:11)
  A shadow (D:11)
  5 wyverns
  7 yaks
  A basilisk (D:11)
  3 vampire mosquitoes (D:7)
  An acid dragon (D:11)
  Duvessa (D:5)
  8 water moccasins
  3 orc warriors
  A sky beast (D:8)
  An ogre (D:5)
  2 phantoms
  6 bullfrogs
  A gnoll sergeant (D:11)
  4 scorpions
  8 wights
  Dowan (D:5)
  6 howler monkeys
  A lava snake (D:8)
  2 jellies
  A hound (D:7)
  A gnoll bouda (D:8)
  5 orc priests
  An iguana (D:7)
  11 orc wizards
  A sleepcap (D:4)
  6 adders
  9 gnolls
  A shadow imp (D:5)
  A white imp (D:7)
  An ufetubus (D:5)
  A worm (D:3)
  2 dart slugs
  26 orcs
  8 endoplasms
  2 giant cockroaches
  8 goblins
  2 hobgoblins
  6 jackals (D:1)
  8 kobolds
  3 ball pythons (D:1)
  4 bats
  3 frilled lizards (D:3)
  9 rats
205 creatures vanquished.

Notes
Turn   | Place    | Note
-------+----------+-------------------------------------------
     0 | D:1      | ders the Gargoyle Earth Elementalist began the quest for
                  | the Orb.
     0 | D:1      | Reached XP level 1. HP: 10/10 MP: 3/3
   146 | D:1      | Reached skill level 4 in Earth Magic
   146 | D:1      | Reached XP level 2. HP: 11/15 MP: 0/5
  1023 | D:2      | Reached XP level 3. HP: 19/19 MP: 3/6
  1101 | D:2      | Found Woill's Distillery.
  1320 | D:2      | Found Bumaic's General Store.
  1356 | D:2      | Found Kuohagoose's Book Shoppe.
  1521 | D:2      | Found Laemar's Assorted Antiques.
  1757 | D:3      | Found a stormy altar of Qazlal.
  1870 | D:3      | Found a blossoming altar of Fedhas.
  1923 | D:3      | Reached XP level 4. HP: 24/24 MP: 4/8
  2230 | D:3      | Found a burning altar of Makhleb.
  2360 | D:3      | Reached skill level 5 in Earth Magic
  2503 | D:4      | Found a glowing silver altar of Zin.
  2506 | D:4      | Noticed a phantom
  2519 | D:4      | Killed a phantom
  2520 | D:4      | Reached XP level 5. HP: 15/28 MP: 0/10
  2562 | D:4      | Identified the +4 mace of Hisachud {flame, Drain Fly rPois
                  | Int+4}
  2867 | D:4      | Reached skill level 6 in Earth Magic
  2926 | D:4      | Reached XP level 6. HP: 30/32 MP: 3/12
  3320 | D:5      | Entered Level 5 of the Dungeon
  3401 | D:5      | Found Ecwoit's Assorted Antiques.
  3449 | D:5      | Noticed Duvessa
  3449 | D:5      | Noticed Dowan
  3454 | D:5      | Reached skill level 7 in Earth Magic
  3454 | D:5      | Reached XP level 7. HP: 28/36 MP: 10/14
  3463 | D:5      | Killed Duvessa
  3464 | D:5      | Reached skill level 5 in Spellcasting
  3464 | D:5      | Killed Dowan
  3605 | D:5      | Noticed a hornet
  3615 | D:5      | Learned a level 3 spell: Stone Arrow
  3617 | D:5      | Killed a hornet
  3618 | D:5      | Reached skill level 8 in Earth Magic
  3618 | D:5      | Reached XP level 8. HP: 36/41 MP: 6/16
  3894 | D:5      | Found an ornate altar of the Wu Jian Council.
  4086 | D:5      | Found a shimmering blue altar of Sif Muna.
  4491 | D:6      | Reached skill level 9 in Earth Magic
  4804 | D:6      | Found a staircase to the Ecumenical Temple.
  4814 | Temple   | Entered the Ecumenical Temple
  4927 | Temple   | Became a worshipper of Vehumet
  5292 | D:7      | Reached skill level 10 in Earth Magic
  5294 | D:7      | Reached XP level 9. HP: 45/45 MP: 12/20
  5610 | D:7      | Found a shimmering altar of Xom.
  5683 | D:7      | Found a glowing golden altar of the Shining One.
  5683 | D:7      | Found an ancient bone altar of Kikubaaqudgha.
  5687 | D:7      | Found a bloodstained altar of Trog.
  5687 | D:7      | Found a broken altar of Ashenzari.
  5734 | D:7      | Found a shadowy altar of Dithmenos.
  5855 | D:8      | Noticed a hornet
  5863 | D:8      | Killed a hornet
  5864 | D:8      | Reached skill level 11 in Earth Magic
  6231 | D:8      | Noticed a cyclops
  6237 | D:8      | Killed a cyclops
  6439 | D:8      | Reached skill level 1 in Conjurations
  6524 | D:8      | Reached XP level 10. HP: 50/50 MP: 17/23
  6612 | D:8      | Found a hide-covered altar of Uskayaw.
  6809 | D:8      | Found a sparkling altar of Nemelex Xobeh.
  6809 | D:8      | Found an opulent altar of Gozag.
  6925 | D:9      | Identified a scroll of acquirement
  6925 | D:9      | Acquired a staff of conjuration
  6951 | D:9      | Reached skill level 12 in Earth Magic
  7025 | D:9      | Reached * piety under Vehumet
  7025 | D:9      | Offered knowledge of Foxfire by Vehumet.
  7899 | D:10     | Entered Level 10 of the Dungeon
  8086 | D:10     | Learned a level 5 spell: Irradiate
  8256 | D:10     | Noticed a two-headed ogre
  8262 | D:10     | Killed a two-headed ogre
  8263 | D:10     | Reached skill level 5 in Conjurations
  8351 | D:10     | Noticed a two-headed ogre
  8354 | D:10     | HP: 1/50 [two-headed ogre/+0 giant spiked club (24)]
  8355 | D:10     | Killed a two-headed ogre
  8696 | D:11     | Noticed a deep elf pyromancer
  8698 | D:11     | Killed a deep elf pyromancer
  8795 | D:11     | Reached XP level 11. HP: 14/54 MP: 0/24
  8963 | D:11     | Found a staircase to the Orcish Mines.
  8969 | D:11     | Reached skill level 13 in Earth Magic
  9082 | D:11     | Reached skill level 10 in Spellcasting
  9245 | D:11     | Reached ** piety under Vehumet
  9355 | D:11     | Offered knowledge of Scorch by Vehumet.
  9507 | D:11     | Found a staircase to the Lair.
  9545 | Lair:1   | Entered Level 1 of the Lair of Beasts
 10711 | Lair:2   | Offered knowledge of Inner Flame by Vehumet.
 10845 | Lair:2   | Reached skill level 10 in Conjurations
 11052 | Lair:2   | Found a staircase to the Shoals.
 11060 | Lair:2   | Reached skill level 14 in Earth Magic
 11253 | Lair:2   | HP: 2/54 [black mamba (10)]
 11257 | Lair:1   | Slain by a yak

Illustrated notes

Levels and vault maps discovered:
D:1:      dpeg_arrival_signposts, layout_basic
D:2:      layout_basic, serial_shops, shop, nicolae_shop_pleasant_corner_grove,
          nicolae_shop_statue_plus, shop
D:3:      layout_rooms, lemuel_round_altar, mainiacjoe_overflow_chevrons,
          mainiacjoe_overflow_24_doors, lexackson_kobold_supper
D:4:      layout_cave_pools, mainiacjoe_overflow_cross_hatched, minmay_circle_x
D:5:      layout_basic, general_overflow_altar, nicolae_overflow_hidden_temple,
          serial_shops, nicolae_shop_hallway_plus, uniq_duvessa
D:6:      layout_basic, minmay_temple_entry_large_hall
D:7:      layout_rooms, dk_xom_monty_hall, grunt_temple_overflow_open,
          mainiacjoe_overflow_alcove_2
D:8:      layout_rooms, grunt_temple_overflow_opulence, lemuel_crystal_altar,
          enter_bailey_3, kennysheep_big_empty_room,
          hangedman_abyss_or_decor_clamps, nicolae_fountain_basement
D:9:      layout_loops_cross, minmay_parallelograms
D:10:     layout_gridville
D:11:     layout_roguey, erik_lair_dragon, david_orc_3, xom_redecorated
Temple:   hellmonk_temple_beads
Lair:1:   layout_regular_city, chequers_serial_rivers_micro_e,
          grunt_megastairs_2, serial_bayou_shore_b
Lair:2:   layout_misc_corridors, elwin_shoals_entry_rocks, minivault_26

Skill      XL: |  1  2  3  4  5  6  7  8  9 10 11 |
---------------+----------------------------------+-----
Earth Magic    | 4 5 6 7 8 10 11 12 14 | 14.0
Spellcasting   | 3 4 5 7 9 10 | 10.8
Conjurations   | 2 7 10 | 10.3
Armour         | |  0.5
Dodging        | |  1.5
Stealth        | |  2.4
Summonings     | |  0.3
Transmutations | |  0.7

Action                     |  1- 3 |  4- 6 |  7- 9 | 10-12 || total
---------------------------+-------+-------+-------+-------++-------
  Melee: Unarmed           |     2 |       |       |       ||     2
         Staff             |     1 |    11 |       |     3 ||    15
         Mace              |       |       |     1 |       ||     1
   Cast: Sandblast         |    47 |    64 |    60 |    57 ||   228
         Stone Arrow       |       |       |    45 |   133 ||   178
    Use: Scroll            |       |       |       |    12 ||    12
         Potion            |       |       |       |     1 ||     1
 Armour: Robe              |    11 |    16 |    19 |    35 ||    81
  Dodge: Dodged            |    13 |    31 |    35 |    71 ||   150

Table legend: (Time is in decaauts)
 A = Elapsed time spent in this place.
 B = Non-inter-level travel time spent in this place.
 C = Inter-level travel time spent in this place.
 D = Time resting spent in this place.
 E = Time spent auto-exploring this place.
 F = Levels seen in this place.
 G = Mean time per level.
                   A        B        C        D        E       F      G
               +--------+--------+--------+--------+--------+-----+--------+
         Total |  11380 |  10990 |    390 |   1443 |   8380 |  14 |  812.9 |
       Dungeon |   9521 |   9231 |    290 |   1231 |   7021 |  11 |  865.5 |
        Temple |    138 |     99 |     39 |      0 |     90 |   1 |  138.0 |
          Lair |   1719 |   1658 |     61 |    212 |   1269 |   2 |  859.5 |
               +--------+--------+--------+--------+--------+-----+--------+

Top non-repeatable levels by time:
  Lair:1: 1414 daAuts
     D:8: 1073 daAuts
     D:5: 1052 daAuts
     D:1: 1025 daAuts
     D:9: 1008 daAuts
    D:11: 890 daAuts
     D:4: 843 daAuts
     D:3: 822 daAuts
    D:10: 779 daAuts
     D:7: 707 daAuts
     D:2: 681 daAuts
     D:6: 637 daAuts
  Lair:2: 305 daAuts
  Temple: 138 daAuts
